 Dungeon Crawl Stone Soup version 0.28-a0-1334-g1c9ffb4daf (webtiles) character file.

Game seed: 1682293510997566618

3304 Grim the Fighter (level 10, -8/78 HPs)
             Began as a Djinni Ice Elementalist on Dec 28, 2021.
             Was a Follower of Makhleb.
             Killed from afar by Maggie (13 damage)
             ... with a bolt of fire
             ... on level 6 of the Dungeon.
             The game lasted 00:25:09 (8505 turns).

Grim the Fighter (Djinni Ice Elementalist)          Turns: 8505, Time: 00:25:10

Health: -8/78      AC:  3    Str:  7    XL:     10   Next: 21%
Gold:   280        EV: 12    Int: 21    God:    Makhleb [*.....] SH:  0 Dex: 14

rFire   + . .      SeeInvis .   p - +1 short sword (protect)
rCold   + . .      Faith    .   (no shield)
rNeg    . . .      Spirit   .   r - +1 robe {rC+}
rPois   ∞          Reflect  .   (no helmet)
rElec   .          Harm     .   (no cloak)
rCorr   .          Rampage  .   (no gloves)
Will    +....                   (boots unavailable)
Stlth   ++........              (no amulet)
HPRegen 0.23/turn               t - ring of ice
MPRegen 0.00/turn               (no ring)

@: flying
A: sickness immunity, fire resistance 2, cold vulnerability 1, float, innate
caster, hp casting, extra vitality 1
a: Renounce Religion


You were on level 6 of the Dungeon.
You worshipped Makhleb.
Makhleb was aware of your devotion.
You visited 2 branches of the dungeon, and saw 7 of its levels.
You also visited: Sewer.

You collected 280 gold pieces.

Inventory:

Hand Weapons
 p - a +1 short sword of protection (weapon)
Missiles
 f - 46 poisoned darts (quivered)
 g - 143 stones
 l - 2 curare-tipped darts
 o - 3 javelins
 q - 2 atropa-tipped darts
Armour
 a - a +0 robe
 r - a +1 robe of cold resistance (worn)
Jewellery
 t - a ring of ice (left hand)
 w - a +4 ring of protection
Wands
 h - a wand of digging (5)
Scrolls
 c - 2 scrolls of noise {unknown}
 d - a scroll of identify {unknown}
 e - 4 scrolls of teleportation
 i - 2 scrolls of immolation {unknown}
 m - 3 scrolls of fog
 s - a scroll of brand weapon {unknown}
 u - a scroll of magic mapping {unknown}
 v - a scroll of fear {unknown}
 x - a scroll of enchant weapon {unknown}
 y - 3 scrolls of amnesia {unknown}
Potions
 b - a potion of curing {unknown}
 j - a potion of flight
 k - a potion of magic {unknown}
 n - a potion of cancellation {unknown}
 z - a potion of mutation {unknown}


   Skills:
 * Level 9.3 Fighting
 - Level 2.1 Dodging
 - Level 1.5 Stealth
 * Level 8.0 Spellcasting
 + Level 3.5 Invocations


You had 6 spell levels left.
You knew the following spells:

 Your Spells              Type           Power      Damage    Failure   Level
a - Freeze                Ice            100%       1d11      1%          1
b - Frozen Ramparts       Ice            100%       1d12      1%          3
c - Ozocubu's Armour      Ice            58%        N/A       1%          3
d - Hailstorm             Conj/Ice       58%        3d13      3%          4
e - Sandblast             Erth           84%        2d18      1%          1
f - Corpse Rot            Necr/Air       84%        N/A       1%          2
g - Blink                 Tloc           84%        N/A       1%          2
h - Call Canine Familiar  Summ           42%        N/A       1%          3
Your spell library was empty.

Dungeon Overview and Level Annotations

Branches:
Dungeon (6/15)             Temple (1/1) D:5           Sewer (visited)

Altars:
Ashenzari
Dithmenos
Fedhas
Gozag
Hepliaklqana
Kikubaaqudgha
Makhleb
Nemelex Xobeh
Okawaru
Qazlal
Ru
Sif Muna
Wu Jian
Yredelemnul
Zin
The Shining One

Shops:
D:3 [

Annotations:
D:6 Maggie


Innate Abilities, Weirdness & Mutations

You are immune to sickness and miasma.
You are immune to poison.
Your flesh is very heat resistant. (rF++)
You are vulnerable to cold. (rC-)
You float through the air rather than walking.
You learn spells naturally, not from books.
Your magical power is your life essence.
You have superior vitality. (+4 MHP)


Message History

Your weapon exudes an aura of protection.
Maggie is lightly wounded.
The wall freezes Maggie!
Maggie hits you with a +0 glaive of flaming!
* * * LOW HITPOINT WARNING * * *
Maggie burns you.
* * * LOW HITPOINT WARNING * * *
The wall freezes Maggie.
Maggie practices a pose.
Maggie points at you and mumbles some strange words.
The bolt of fire hits you! You resist.
* * * LOW HITPOINT WARNING * * *
The heat melts your icy armour.
It was a potion of flight.
You feel more buoyant.
The wall freezes Maggie.
Maggie hits you with a +0 glaive of flaming.
* * * LOW HITPOINT WARNING * * *
The heat melts your icy armour.
Casting: Ozocubu's Armour (safe; 1% risk of failure)
Confirm with . or Enter, or press ? or * to list all spells.
Your icy armour and frozen ramparts will break if you move.
Continue?
You blink.
Your icy armour cracks and falls away as you move.
The frozen ramparts melt away as you move.
* * * LOW HITPOINT WARNING * * *
Maggie gestures wildly while chanting.
Maggie attempts to bespell you! You resist with almost no effort.
You reach down and open the door.
You feel stable enough to blink again.
Found 5 gold pieces.
Maggie points at you and mumbles some strange words.
The bolt of fire misses you.
There is an open door here.
You reach down and close the door.
You now have 280 gold pieces (gained 5).
Maggie breaks down the door.
Maggie casts a spell at you. The bolt of fire hits you! You resist.
You die...

#######
.#.#########.....####
.......@...'.....(..#
.....###.###@.......####
... .................. .
###.........##.###.
#.#####.####..##. ###
#@# #..##. ........#
#...#. .######## #.#.#.
#...'.


You could see Maggie.

Vanquished Creatures
  Pikel (D:4)
  Prince Ribbit (D:6)
  A shadow (D:5)
  2 water moccasins (D:5)
  2 orc warriors
  An ogre (D:4)
  A necrophage (D:5)
  A centaur (D:5)
  A phantom (D:5)
  8 kobold brigands
  2 bullfrogs
  A scorpion (D:6)
  A bullfrog zombie (D:6)
  A centaur zombie (D:6)
  5 orc priests
  2 hounds
  2 centaur skeletons (D:5)
  2 iguanas
  10 orc wizards
  A hound skeleton (D:4)
  A howler monkey zombie (D:6)
  15 adders
  A river rat (Sewer)
  9 worms
  3 dart slugs
  18 orcs
  9 ball pythons
  6 endoplasms
  2 giant cockroaches
  4 goblins
  7 hobgoblins
  3 jackals (D:3)
  24 kobolds
  6 quokkas
  5 bats
  A frilled lizard (D:2)
  8 rats
168 creatures vanquished.

Vanquished Creatures (collateral kills)
  A hornet zombie (D:5)
  An ufetubus (D:6)
2 creatures vanquished.

Grand Total: 170 creatures vanquished

Notes
Turn   | Place    | Note
-------+----------+-------------------------------------------
     0 | D:1      | Grim the Djinni Ice Elementalist began the quest for the
                  | Orb.
     0 | D:1      | Reached XP level 1. HP: 15/15 MP: 0/0
   162 | D:1      | Reached skill level 1 in Fighting
   162 | D:1      | Reached XP level 2. HP: 15/22 MP: 0/0
   413 | D:1      | Found a faded altar of an unknown god.
   793 | D:1      | Reached XP level 3. HP: 19/27 MP: 0/0
   793 | D:1      | Learned a level 1 spell: Sandblast
  1321 | D:2      | Found a basalt altar of Yredelemnul.
  1354 | D:2      | Reached skill level 2 in Fighting
  1512 | D:2      | Reached XP level 4. HP: 27/33 MP: 0/0
  1994 | D:3      | Found a broken altar of Ashenzari.
  2224 | D:3      | Reached XP level 5. HP: 24/40 MP: 0/0
  2224 | D:3      | Learned a level 2 spell: Corpse Rot
  2233 | D:3      | Found a glowing drain.
  2241 | Sewer    | Entered a sewer
  2399 | Sewer    | Noticed a kobold brigand
  2403 | Sewer    | Noticed a kobold brigand
  2434 | Sewer    | Killed a kobold brigand
  2435 | Sewer    | Reached skill level 3 in Fighting
  2759 | Sewer    | Reached XP level 6. HP: 44/46 MP: 0/0
  2820 | Sewer    | Reached skill level 4 in Fighting
  3147 | Sewer    | Reached XP level 7. HP: 52/53 MP: 0/0
  3147 | Sewer    | Learned a level 2 spell: Blink
  3220 | Sewer    | Reached skill level 5 in Spellcasting
  3222 | Sewer    | Reached skill level 5 in Fighting
  4005 | D:3      | Found Cacesow's Antique Armour Emporium.
  4244 | D:3      | Found a sparkling altar of Nemelex Xobeh.
  4440 | D:4      | Found a glowing golden altar of the Shining One.
  4475 | D:4      | Reached XP level 8. HP: 51/60 MP: 0/0
  4634 | D:4      | Noticed Pikel
  4644 | D:4      | Killed Pikel
  4645 | D:4      | Reached skill level 6 in Fighting
  4882 | D:4      | Reached skill level 7 in Fighting
  5125 | D:4      | Reached XP level 9. HP: 48/68 MP: 0/0
  5125 | D:4      | Learned a level 3 spell: Call Canine Familiar
  5435 | D:5      | Entered Level 5 of the Dungeon
  5452 | D:5      | Found a staircase to the Ecumenical Temple.
  5462 | Temple   | Entered the Ecumenical Temple
  5697 | Temple   | Became a worshipper of Makhleb the Destroyer
  6069 | D:5      | Reached skill level 1 in Invocations
  6540 | D:5      | Reached skill level 8 in Fighting
  7912 | D:6      | Reached * piety under Makhleb
  7917 | D:6      | Reached XP level 10. HP: 64/77 MP: 0/0
  8043 | D:6      | Reached skill level 9 in Fighting
  8138 | D:6      | Noticed Prince Ribbit
  8153 | D:6      | Killed Prince Ribbit
  8412 | D:6      | Found a shadowy altar of Dithmenos.
  8490 | D:6      | Noticed Maggie
  8505 | D:6      | Killed from afar by Maggie

Illustrated notes

Levels and vault maps discovered:
D:1:      scummos_arrival_hexagon, layout_rooms,
          hellmonk_ecumenical_altar_inner_sanctum
D:2:      layout_loops_ring, basic_altar, minmay_pentomino_p2
D:3:      layout_loops_ring, nemelex_diamond_rough_becter,
          nicolae_overflow_crystal_walls, serial_shops, shop,
          gup_sewer_entry_bubbles
D:4:      layout_basic, lemuel_round_altar, minmay_liquid_box, uniq_pikel
D:5:      layout_gridville, lemuel_blue_sif_altar,
          minmay_temple_entry_stoned_glass, minmay_bent
D:6:      layout_basic, minitemple, uniq_prince_ribbit1, uniq_maggie
Temple:   jpeg_temple_alley_garden

Skill      XL: |  1  2  3  4  5  6  7  8  9 10 |
---------------+-------------------------------+-----
Fighting       | 1 2 3 4 5 7 8 9 |  9.3
Spellcasting   | 4 5 6 7 8 |  8.0
Invocations    | 3 |  3.5
Dodging        | |  2.1
Stealth        | |  1.5

Action                   |  1- 3 |  4- 6 |  7- 9 | 10-12 || total
-------------------------+-------+-------+-------+-------++-------
Melee: Unarmed           |     1 |       |     2 |       ||     3
       Short sword       |       |       |   103 |     6 ||   109
Throw: Stone             |     5 |       |     8 |       ||    13
       Dart              |    10 |    50 |    71 |     2 ||   133
 Cast: Freeze            |    43 |    31 |    61 |    11 ||   146
       Frozen Ramparts   |     1 |     7 |    14 |     4 ||    26
       Sandblast         |       |    11 |    48 |     9 ||    68
       Ozocubu's Armour  |       |     2 |    18 |     4 ||    24
       Hailstorm         |       |       |     6 |     3 ||     9
       Blink             |       |       |     1 |     1 ||     2
       Corpse Rot        |       |       |     1 |       ||     1
       Call Canine Famil |       |       |     1 |     2 ||     3
  Use: Scroll            |       |       |     2 |       ||     2
       Potion            |       |       |     1 |     1 ||     2
 Stab: Sleeping          |       |       |     1 |       ||     1
Armor: Robe              |     3 |     2 |    66 |     9 ||    80
Dodge: Dodged            |    14 |    14 |   115 |    18 ||   161

Table legend: (Time is in decaauts)
 A = Elapsed time spent in this place.
 B = Non-inter-level travel time spent in this place.
 C = Inter-level travel time spent in this place.
 D = Time resting spent in this place.
 E = Time spent auto-exploring this place.
 F = Levels seen in this place.
 G = Mean time per level.
                   A        B        C        D        E       F      G
               +--------+--------+--------+--------+--------+-----+--------+
         Total |   8517 |   8392 |    125 |   2624 |   4280 |   8 | 1064.6 |
       Dungeon |   6775 |   6691 |     84 |   2104 |   3379 |   6 | 1129.2 |
        Temple |    276 |    235 |     41 |      0 |    169 |   1 |  276.0 |
         Sewer |   1465 |   1465 |      0 |    520 |    732 |   1 | 1465.0 |
               +--------+--------+--------+--------+--------+-----+--------+

Top non-repeatable levels by time:
     D:5: 1966 daAuts
   Sewer: 1465 daAuts
     D:1: 1152 daAuts
     D:4: 1069 daAuts
     D:3: 1034 daAuts
     D:2: 805 daAuts
     D:6: 745 daAuts
  Temple: 276 daAuts
